MID
HAGERSTOWN SUNS @ PEORIA CHIEFS
09/20/2048
 
TOP OF THE 1ST
Hagerstown Suns batting - Pitching for Peoria Chiefs : RHP Gareth Haigh
Pitching: RHP Gareth Haigh
Batting: RHB Bobby Bricker 0-0: Called Strike
0-1: Swinging Strike
0-2: Ball
1-2: Ball
2-2: Reached on error, E6 (Groundball, 6, EV 103.1 MPH)
Batting: RHB Antonio Vallez 0-0: Ball
1-0: Ground out 3-1 (Groundball, 34, EV 80.6 MPH)
Bobby Bricker to third
Batting: LHB Chris Williams 0-0: Ball
1-0: Called Strike
1-1: Swinging Strike
1-2: Ball
2-2: Strikes out looking
Batting: LHB Chance McWilliams 0-0: Ball
1-0: SINGLE (Line Drive, 78M, EV 97.5 MPH)
Bobby Bricker scores
Batting: RHB Seth Rutz 0-0: Ball
1-0: Ball
2-0: Fly out, F3 (Popup, 3F, EV 68.1 MPH)
Top of the 1st over - 1 run, 1 hit, 1 error, 1 left on base; Hagerstown 1 - Peoria 0
BOTTOM OF THE 1ST
Peoria Chiefs batting - Pitching for Hagerstown Suns : RHP Jimmy Purscell
Pitching: RHP Jimmy Purscell
Batting: RHB Fekadu Alhaadi 0-0: Ball
1-0: Ball
2-0: Ball
3-0: Base on Balls
Batting: RHB Kalidas Mishra 0-0: Called Strike
Fekadu Alhaadi steals 2nd base
0-1: Ball
1-1: Foul Ball, location: 2F
1-2: Foul Ball, location: 2F
1-2: Ball
2-2: Strikes out swinging
Batting: RHB Joe Alley 0-0: Ball
Fekadu Alhaadi steals 3rd base
1-0: Foul Ball, location: 2F
1-1: Ball
2-1: Fly out, F5 (Line Drive, 56, EV 72.5 MPH)
Batting: LHB Travis Ruppel 0-0: Foul Ball, location: 2F
0-1: Ball
1-1: Ball
2-1: Foul Ball, location: 9LSF, Error on foul ball, E9
2-2: Foul Ball, location: 2F
2-2: Ball
3-2: Foul Ball, location: 2F
3-2: Ground out 4-3 (Groundball, 34D, EV 82.5 MPH)
Bottom of the 1st over - 0 runs, 0 hits, 1 error, 1 left on base; Hagerstown 1 - Peoria 0
TOP OF THE 2ND
Hagerstown Suns batting - Pitching for Peoria Chiefs : RHP Gareth Haigh
Batting: RHB Steve Bauman 0-0: Called Strike
0-1: Ball
1-1: Foul Ball, location: 2F
1-2: Ball
2-2: Foul Ball, location: 2F
2-2: Strikes out looking
Batting: RHB Jim Towle 0-0: Called Strike
0-1: Called Strike
0-2: Ball
1-2: Ball
2-2: Strikes out looking
Batting: RHB Joe Young 0-0: SOLO HOME RUN (Line Drive, 78XD, EV 105.0 MPH), Distance : 395 ft
Batting: LHB Bobby Adams 0-0: Called Strike
0-1: SINGLE (Groundball, 4MD, EV 109.4 MPH)
Batting: RHB Bobby Bricker 0-0: Called Strike
0-1: Ball
1-1: Ball
2-1: Foul Ball, location: 2F
2-2: Ball
3-2: SINGLE (Groundball, 5S, EV 64.4 MPH) (infield hit)
Bobby Adams to second
Batting: RHB Antonio Vallez 0-0: Called Strike
0-1: Ball
1-1: Swinging Strike
1-2: Ball
2-2: Foul Ball, location: 2F
2-2: Ball
3-2: Fly out, F8 (Flyball, 78D, EV 88.1 MPH)
Top of the 2nd over - 1 run, 3 hits, 0 errors, 2 left on base; Hagerstown 2 - Peoria 0
BOTTOM OF THE 2ND
Peoria Chiefs batting - Pitching for Hagerstown Suns : RHP Jimmy Purscell
Batting: SHB Devin Hottenstein 0-0: Ball
1-0: SOLO HOME RUN (Flyball, 9D, EV 100.0 MPH), Distance : 382 ft
Batting: RHB Jonathan Davis 0-0: Called Strike
0-1: Foul Ball, location: 2F
0-2: Foul Ball, location: 2F
0-2: Ball
1-2: SINGLE (Groundball, 56D, EV 103.1 MPH)
Batting: RHB Pat Scaturro 0-0: Ball
1-0: Ball
2-0: Ball
3-0: Called Strike
3-1: Foul Ball, location: 2F
3-2: Base on Balls
Jonathan Davis to second
Batting: RHB Chris Norris 0-0: Called Strike
0-1: Foul Ball, location: 2F
0-2: Ball
1-2: Ball
2-2: Ball
3-2: Strikes out swinging
Batting: RHB Tim Cleary 0-0: Called Strike
0-1: Fielders Choice at 2nd, 1-6 (Groundball, 13S, EV 65.6 MPH)
Jonathan Davis to third
Batting: RHB Fekadu Alhaadi 0-0: Ground out 1-3 (Groundball, 13, EV 73.1 MPH)
Bottom of the 2nd over - 1 run, 2 hits, 0 errors, 2 left on base; Hagerstown 2 - Peoria 1
TOP OF THE 3RD
Hagerstown Suns batting - Pitching for Peoria Chiefs : RHP Gareth Haigh
Batting: LHB Chris Williams 0-0: Called Strike
0-1: Called Strike
0-2: Ball
1-2: Foul Ball, location: 2F
1-2: Ball
2-2: Ground out 5-3 (Groundball, 56, EV 84.4 MPH)
Batting: LHB Chance McWilliams 0-0: Called Strike
0-1: Fly out, F8 (Line Drive, 8RM, EV 88.8 MPH)
Batting: RHB Seth Rutz 0-0: Ball
1-0: Fly out, F8 (Flyball, 8RM, EV 89.4 MPH)
Top of the 3rd over - 0 runs, 0 hits, 0 errors, 0 left on base; Hagerstown 2 - Peoria 1
BOTTOM OF THE 3RD
Peoria Chiefs batting - Pitching for Hagerstown Suns : RHP Jimmy Purscell
Batting: RHB Kalidas Mishra 0-0: Fly out, F7 (Flyball, 7, EV 85.0 MPH)
Batting: RHB Joe Alley 0-0: Ball
1-0: Ball
2-0: Called Strike
2-1: Foul Ball, location: 2F
2-2: SINGLE (Line Drive, 56D, EV 100.0 MPH)
Batting: LHB Travis Ruppel 0-0: Ball
1-0: Called Strike
1-1: Foul Ball, location: 2F
1-2: Ball
2-2: Ball
3-2: Foul Ball, location: 2F
3-2: Base on Balls
Joe Alley to second
Batting: SHB Devin Hottenstein 0-0: Ball
Wild Pitch!
Joe Alley to third
Travis Ruppel to second
1-0: Foul Ball, location: 2F
1-1: Ball
2-1: Foul Ball, location: 2F
2-2: Ground out 5-3 (Groundball, 56, EV 102.5 MPH)
Joe Alley scores
Batting: RHB Jonathan Davis 0-0: Called Strike
0-1: Ground out 3-1 (Groundball, 34S, EV 79.4 MPH)
Bottom of the 3rd over - 1 run, 1 hit, 0 errors, 1 left on base; Hagerstown 2 - Peoria 2
TOP OF THE 4TH
Hagerstown Suns batting - Pitching for Peoria Chiefs : RHP Gareth Haigh
Batting: RHB Steve Bauman 0-0: SINGLE (Groundball, 6MD, EV 105.0 MPH)
Batting: RHB Jim Towle 0-0: Ball
1-0: Grounds into double play, 5-4-3 (Groundball, 5, EV 102.5 MPH)
Batting: RHB Joe Young 0-0: Swinging Strike
0-1: Called Strike
0-2: Strikes out swinging
Top of the 4th over - 0 runs, 1 hit, 0 errors, 0 left on base; Hagerstown 2 - Peoria 2
BOTTOM OF THE 4TH
Peoria Chiefs batting - Pitching for Hagerstown Suns : RHP Jimmy Purscell
Batting: RHB Pat Scaturro 0-0: Foul Ball, location: 2F
0-1: Swinging Strike
0-2: Strikes out swinging
Batting: RHB Chris Norris 0-0: SINGLE (Flyball, 34D, EV 81.9 MPH)
Batting: RHB Tim Cleary 0-0: Ball
1-0: Foul Ball, location: 2F
1-1: Ball
2-1: Fly out, F8 (Line Drive, 8RM, EV 86.2 MPH)
Batting: RHB Fekadu Alhaadi 0-0: Called Strike
0-1: Called Strike
0-2: Ball
1-2: Ball
2-2: Foul Ball, location: 2F
2-2: Ball
3-2: Base on Balls
Chris Norris to second
Batting: RHB Kalidas Mishra 0-0: Called Strike
0-1: Ball
1-1: Swinging Strike
1-2: Fly out, F4 (Popup, 4MD, EV 63.1 MPH)
Bottom of the 4th over - 0 runs, 1 hit, 0 errors, 2 left on base; Hagerstown 2 - Peoria 2
TOP OF THE 5TH
Hagerstown Suns batting - Pitching for Peoria Chiefs : RHP Gareth Haigh
Batting: LHB Bobby Adams 0-0: Ball
1-0: Ground out 4-3 (Groundball, 4, EV 85.0 MPH)
Batting: RHB Bobby Bricker 0-0: Called Strike
0-1: SINGLE (Groundball, 4S, EV 66.9 MPH) (infield hit)
Batting: RHB Antonio Vallez 0-0: Called Strike
0-1: Foul Ball, location: 2F
0-2: Strikes out swinging
Batting: LHB Chris Williams 0-0: Fielders Choice at 2nd, 5-4 (Groundball, 56, EV 87.5 MPH)
Top of the 5th over - 0 runs, 1 hit, 0 errors, 1 left on base; Hagerstown 2 - Peoria 2
BOTTOM OF THE 5TH
Peoria Chiefs batting - Pitching for Hagerstown Suns : RHP Jimmy Purscell
Batting: RHB Joe Alley 0-0: Ball
1-0: Foul Ball, location: 2F
1-1: Ball
2-1: Ground out 3-1 (Groundball, 34, EV 86.2 MPH)
Batting: LHB Travis Ruppel 0-0: Called Strike
0-1: Called Strike
0-2: Foul Ball, location: 2F
0-2: Ground out 6-3 (Groundball, 4, EV 87.5 MPH)
Batting: SHB Devin Hottenstein 0-0: Called Strike
0-1: Ball
1-1: Ball
2-1: Foul Ball, location: 2F
2-2: Strikes out swinging
Bottom of the 5th over - 0 runs, 0 hits, 0 errors, 0 left on base; Hagerstown 2 - Peoria 2
TOP OF THE 6TH
Hagerstown Suns batting - Pitching for Peoria Chiefs : RHP Gareth Haigh
Batting: LHB Chance McWilliams 0-0: Foul Ball, location: 2F
0-1: Foul Ball, location: 2F
0-2: Ball
1-2: Ball
2-2: Ground out 4-3 (Groundball, 3D, EV 106.9 MPH)
Batting: RHB Seth Rutz 0-0: Ball
1-0: Fly out, F4 (Flyball, 6MD, EV 93.1 MPH)
Batting: RHB Steve Bauman 0-0: Swinging Strike
0-1: Ball
1-1: Fly out, F7 (Flyball, 78D, EV 94.4 MPH)
Top of the 6th over - 0 runs, 0 hits, 0 errors, 0 left on base; Hagerstown 2 - Peoria 2
BOTTOM OF THE 6TH
Peoria Chiefs batting - Pitching for Hagerstown Suns : RHP Jimmy Purscell
Pitching: RHP Danny Hoekenga
Batting: RHB Jonathan Davis 0-0: Foul Ball, location: 2F
0-1: Called Strike
0-2: Ball
1-2: Foul Ball, location: 2F
1-2: Fly out, F4 (Popup, 34S, EV 71.2 MPH)
Batting: RHB Pat Scaturro 0-0: Ball
1-0: Ball
2-0: Foul Ball, location: 2F
2-1: Called Strike
2-2: Fly out, F8 (Flyball, 8LD, EV 108.8 MPH)
Batting: RHB Chris Norris 0-0: Ball
1-0: Ground out U3 (Groundball, 34, EV 81.9 MPH)
Bottom of the 6th over - 0 runs, 0 hits, 0 errors, 0 left on base; Hagerstown 2 - Peoria 2
TOP OF THE 7TH
Hagerstown Suns batting - Pitching for Peoria Chiefs : RHP Gareth Haigh
Batting: RHB Jim Towle 0-0: Ball
1-0: Called Strike
1-1: Foul Ball, location: 2F
1-2: Ground out U3 (Groundball, 3, EV 106.2 MPH)
Batting: RHB Joe Young 0-0: Foul Ball, location: 2F
0-1: Foul Ball, location: 2F
0-2: SINGLE (Line Drive, 7LS, EV 93.1 MPH)
Batting: LHB Bobby Adams 0-0: Ball
1-0: SINGLE (Line Drive, 6D, EV 102.5 MPH)
Joe Young to second
Batting: RHB Bobby Bricker 0-0: Called Strike
0-1: Swinging Strike
0-2: Strikes out looking
Batting: RHB Antonio Vallez 0-0: Ball
1-0: Called Strike
1-1: Ball
2-1: Called Strike
2-2: Ball
3-2: Strikes out swinging
Top of the 7th over - 0 runs, 2 hits, 0 errors, 2 left on base; Hagerstown 2 - Peoria 2
BOTTOM OF THE 7TH
Peoria Chiefs batting - Pitching for Hagerstown Suns : RHP Danny Hoekenga
Batting: RHB Tim Cleary 0-0: Foul Ball, location: 2F
0-1: Ball
1-1: Foul Ball, location: 2F
1-2: Strikes out swinging
Batting: RHB Fekadu Alhaadi 0-0: Ball
1-0: Fly out, F8 (Flyball, 8RD, EV 95.0 MPH)
Batting: RHB Kalidas Mishra 0-0: Foul Ball, location: 2F
0-1: Swinging Strike
0-2: Ball
1-2: Strikes out looking
Bottom of the 7th over - 0 runs, 0 hits, 0 errors, 0 left on base; Hagerstown 2 - Peoria 2
TOP OF THE 8TH
Hagerstown Suns batting - Pitching for Peoria Chiefs : RHP Gareth Haigh
Batting: LHB Chris Williams 0-0: Foul Ball, location: 2F
0-1: Swinging Strike
0-2: SINGLE (Groundball, 4MS, EV 75.0 MPH) (infield hit)
Pitching: LHP John Grinter
Batting: LHB Chance McWilliams 0-0: Called Strike
0-1: Called Strike
Chris Williams is caught stealing 2nd base 2-6
0-2: Strikes out looking
Batting: RHB Seth Rutz 0-0: Ball
1-0: Swinging Strike
1-1: Called Strike
1-2: Foul Ball, location: 2F
1-2: Ball
2-2: SOLO HOME RUN (Flyball, 7D, EV 109.4 MPH), Distance : 393 ft
Batting: RHB Steve Bauman 0-0: Foul Ball, location: 2F
0-1: Foul Ball, location: 2F
0-2: Ball
1-2: Ball
2-2: Strikes out looking
Top of the 8th over - 1 run, 2 hits, 0 errors, 0 left on base; Hagerstown 3 - Peoria 2
BOTTOM OF THE 8TH
Peoria Chiefs batting - Pitching for Hagerstown Suns : RHP Danny Hoekenga
Batting: RHB Joe Alley 0-0: Called Strike
0-1: Ball
1-1: Foul Ball, location: 2F
1-2: Ball
2-2: Foul Ball, location: 2F
2-2: Foul Ball, location: 2F
2-2: Foul Ball, location: 2F
2-2: Hit by Pitch
Pitching: LHP Kevin Besser
Pinch Hitting: RHB Tim Jobe 0-0: Ball
1-0: Ball
2-0: Ball
3-0: Base on Balls
Joe Alley to second
Batting: SHB Devin Hottenstein 0-0: Called Strike
0-1: Fly out, F9 (Line Drive, 9S, EV 88.8 MPH)
Batting: RHB Jonathan Davis 0-0: Ball
1-0: Swinging Strike
1-1: Ball
2-1: Foul Ball, location: 2F
2-2: SINGLE (Flyball, 89S, EV 91.2 MPH)
Joe Alley to third
Tim Jobe to second
Batting: RHB Pat Scaturro 0-0: Called Strike
0-1: Ball
1-1: Ball
2-1: DOUBLE (Line Drive, 89M, EV 93.8 MPH)
Joe Alley scores
Tim Jobe scores
Jonathan Davis to third
Batting: RHB Chris Norris 0-0: Intentional Walk
Batting: RHB Tim Cleary 0-0: Ball
1-0: Grounds into fielders choice 6-2 (Groundball, 6, EV 83.1 MPH)
Pat Scaturro to third
Chris Norris to second
Batting: RHB Fekadu Alhaadi 0-0: Called Strike
0-1: Foul Ball, location: 2F
0-2: Ball
1-2: Hit by Pitch
Pat Scaturro scores
Chris Norris to third
Tim Cleary to second
Batting: RHB Kalidas Mishra 0-0: Ball
1-0: Ball
2-0: Called Strike
2-1: Ball
3-1: Called Strike
3-2: Base on Balls
Chris Norris scores
Tim Cleary to third
Fekadu Alhaadi to second
Pitching: LHP Gregg Huddleston
Batting: RHB Joe Alley 0-0: Ball
1-0: Called Strike
1-1: SINGLE (Groundball, 6MD, EV 96.9 MPH)
Tim Cleary scores
Fekadu Alhaadi to third
Kalidas Mishra to second
Runner from 3rd tries for Home, SAFE, throw by CF to home
Batting: RHB Tim Jobe 0-0: Ball
1-0: Ball
2-0: Foul Ball, location: 2F
2-1: Foul Ball, location: 2F
2-2: Foul Ball, location: 2F
2-2: Strikes out swinging
Bottom of the 8th over - 6 runs, 3 hits, 0 errors, 2 left on base; Hagerstown 3 - Peoria 8
TOP OF THE 9TH
Hagerstown Suns batting - Pitching for Peoria Chiefs : LHP John Grinter
Now at SS: Tim Jobe
Now in LF: Chris Norris
Batting: RHB Jim Towle 0-0: Ball
1-0: Called Strike
1-1: Called Strike
1-2: Ground out 6-3 (Groundball, 6, EV 79.4 MPH)
Batting: RHB Joe Young 0-0: Called Strike
0-1: Ball
1-1: Foul Ball, location: 2F
1-2: Ground out 5-3 (Groundball, 56, EV 101.2 MPH)
Batting: LHB Bobby Adams 0-0: Ball
1-0: Ball
2-0: Ball
3-0: Called Strike
3-1: Called Strike
3-2: Ground out 1-3 (Groundball, 15S, EV 72.5 MPH)
Top of the 9th over - 0 runs, 0 hits, 0 errors, 0 left on base; Hagerstown 3 - Peoria 8
Tuesday, March 28th , 2023 - OOTP Baseball 23.10 Build 110